Map: Abyssal Reef LE

Players

Hainek - Winner!

  • Race: Zerg Zerg
  • Spawn Location: 11:00

A.I. 1 (Very Easy)

  • Race: Terran Terran
  • Spawn Location: 5:00

VOD

Have the link to the VOD?

Description

Time

  • Played on: Nov. 9, 2017, 10:17 p.m.
  • Length: 8:04
Show
View Real Time Build Order
Export as new Build Order

Hainek Zerg - Winner!

Build Orders: Hatch First 

Get SALT Encoding   

  12  0:01  Drone  
  13  0:12  Overlord  
  13  0:17  Drone  
  14  0:31  Drone x2  
  16  0:52  Hatchery  
  16  0:55  Drone  
  16  0:59  Extractor  
  16  1:03  Drone  
  16  1:16  Spawning Pool  
  16  1:18  Drone  
  16  1:27  Drone  
  16  1:28  Drone  
  18  1:39  Drone  
  19  1:42  Overlord  
  19  1:51  Drone  
  20  2:04  Queen  
  20  2:05  Queen  
  24  2:27  Hatchery  
  23  2:35  Drone x2  
  23  2:36  Drone  
  26  2:50  Queen  
  28  2:51  Drone  
  28  2:56  Zergling x4  
  31  3:01  Metabolic Boost  
  31  3:13  Overlord  
  31  3:14  Drone x2  
  33  3:42  Drone x3  
  33  3:43  Drone  
  33  3:44  Zergling x2, Overlord, Drone x2  
  33  3:45  Zergling x2, Overlord  
  40  4:07  Roach Warren  
  40  4:08  Baneling Nest  
  38  4:12  Drone x2  
  38  4:17  Evolution Chamber  
  39  4:20  Evolution Chamber, Extractor  
  39  4:23  Zergling x2, Drone x2  
  39  4:24  Zergling x6  
  42  4:34  Queen  
  44  4:49  Drone x2  
  44  4:50  Zergling x4  
  44  4:51  Roach x4  
  56  5:08  Overlord, Drone x2  
  58  5:16  Baneling x5  
  50  5:51  Roach  
  50  5:52  Roach x3, Zergling x8  
  62  6:02  Zerg Melee Weapons Level 1  
  62  6:03  Zerg Ground Armor Level 1  
  62  6:24  Ravager  
  63  6:29  Lair  
  63  6:51  Ravager x2  
  65  6:57  Roach x3, Overlord  
  65  6:58  Overlord x2  
  71  7:23  Extractor  
  71  7:25  Extractor  
  71  7:26  Drone  
  71  7:27  Drone x3  
  71  7:28  Roach x7  
  87  7:30  Overlord x2  
Show
View Real Time Build Order
Export as new Build Order

A.I. 1 (Very Easy) Terran 

Build Orders: Reaper Expand 

Get SALT Encoding   

  12  0:00  SCV  
  13  0:13  SCV  
  14  0:18  Supply Depot  
  14  0:41  Barracks  
  14  1:04  Command Center  
  14  1:28  Orbital Command  
  14  1:30  Marine  
  15  1:33  Supply Depot  
  15  1:38  Refinery  
  15  1:50  Refinery  
  15  1:53  SCV  
  16  2:05  SCV  
  17  2:17  SCV, Reaper  
  17  2:19  SCV  
  21  2:30  SCV  
  21  2:33  SCV  
  22  2:42  SCV  
  23  2:48  SCV  
  24  2:55  SCV  
  24  2:56  Refinery  
  25  3:02  SCV  
  26  3:08  Marine  
  26  3:09  SCV  
  28  3:17  SCV  
  28  3:19  Factory  
  29  3:42  Refinery  
  29  3:43  SCV  
  30  3:50  SCV  
  30  3:57  Supply Depot  
  30  3:58  Barracks Tech Lab, SCV  
  31  4:05  SCV  
  31  4:06  Starport  
  32  4:12  SCV  
  33  4:17  Marine  
  33  4:19  SCV  
  35  4:27  SCV  
  36  4:34  SCV  
  36  4:38  Supply Depot  
  37  4:41  SCV  
  37  4:45  Starport Tech Lab  
  38  4:48  SCV  
  39  4:56  SCV  
  40  5:03  SCV, Raven  
  43  5:08  Marauder  
  43  5:10  SCV  
  46  5:17  SCV  
  47  5:24  SCV  
  44  5:37  Hellion, Supply Depot  
  46  5:44  SCV  
  46  5:46  Raven  
  39  5:52  SCV  
  37  5:59  SCV  
  36  6:06  Hellion  
  36  6:07  SCV  
  38  6:14  SCV  
  35  6:22  SCV  
  29  6:30  SCV  
  29  6:35  Hellion  
  29  6:37  SCV  
  24  6:44  SCV  
  22  6:51  SCV  
  20  6:58  SCV  
  19  7:03  Hellion  
  19  7:13  SCV  
  19  7:25  SCV  
  19  7:32  Hellion  
  18  7:37  SCV  
  19  7:49  SCV  
Tags
 
Add a new tag
Caveats
  • Supply blocks, unpowered buildings, or Contaminate may cause inaccurate times.
  • Supply counts are checked every 10 seconds.